Workbook
Name cat_dd: OFFSET(Calc!$C$6,,,Calc!$C$4)
Name ChartLabel: OFFSET(Calc!$G$6,,,Calc!$G$3)
Name ChartValues: OFFSET(Calc!$H$6,,,Calc!$H$3)
Name PieLabel: OFFSET(Calc!$J$30,,,Calc!$J$27)
Name PieValue: OFFSET(Calc!$K$30,,,Calc!$K$27)
Name week_dd: OFFSET(Calc!$D$13,,,Calc!$B$13)

Sheet Dashboard
D2: BI-WEEKLY BUDGET TEMPLATE
D3: DASHBOARD
D8: Expense Categories | H8: Income Summary | M8: Select Week: | O8: W1-W2
D10: Categories | H10: Income | M10: How much can I save?
D11: Entertainment | H11: Revenue | I11: 3500
D12: Transportation | H12: Tip | I12: 500 | N12: Total Income
D13: Groceries | H13: Extra Income | I13: 625 | N13: =IF(Calc!H18=0,"-",Calc!H18) -> 4625
D14: Health and Wellness
N15: Total Expenses
N16: =IFERROR(IF(LEN(INDEX(Calc!E13:F38,MATCH(Dashboard!O8,Calc!E13:E38,0),2))=0,"-",INDEX(Calc!E13:F38,MATCH(Dashboard!O8,Calc!E13:E38,0),2)),"-") -> 2375
N18: Total Savings
N19: =IFERROR(IF(O8=0,"-",N13-N16),"-") -> 2250
C23: Actual Expenses | L23: Entertainment

Sheet Expenses
D2: BI-WEEKLY BUDGET TEMPLATE
D3: EXPENSES DATA INPUT
D7: Expense Summary
D8: =IF(Calc!C6=0,"",Calc!C6) -> Entertainment | E8: W1-W2 | F8: W3-W4 | G8: W5-W6 | H8: W7-W8 | I8: W9-W10 | J8: W11-W12 | K8: W13-W14 | L8: W15-W16 | M8: W17-W18 | N8: W19-W20 | O8: W21-W22 | P8: W23-W24 | Q8: W25-W26 | R8: W27-W28 | S8: W29-W30 | T8: W31-W32 | U8: W33-W34 | V8: W35-W36 | W8: W37-W38 | X8: W39-W40 | Y8: W41-W42 | Z8: W43-W44 | AA8: W45-W46 | AB8: W47-W48 | AC8: W49-W50 | AD8: W51-W52
D9: Concerts | E9: 150 | F9: 100
D10: Movies and Theater | E10: 125
D11: Books | E11: 80 | F11: 120
D19: =IF(Calc!C7=0,"",Calc!C7) -> Transportation | E19: W1-W2 | F19: W3-W4 | G19: W5-W6 | H19: W7-W8 | I19: W9-W10 | J19: W11-W12 | K19: W13-W14 | L19: W15-W16 | M19: W17-W18 | N19: W19-W20 | O19: W21-W22 | P19: W23-W24 | Q19: W25-W26 | R19: W27-W28 | S19: W29-W30 | T19: W31-W32 | U19: W33-W34 | V19: W35-W36 | W19: W37-W38 | X19: W39-W40 | Y19: W41-W42 | Z19: W43-W44 | AA19: W45-W46 | AB19: W47-W48 | AC19: W49-W50 | AD19: W51-W52
D20: Parking Fees | E20: 60
D21: Vehicle Maintenance | E21: 250 | F21: 337
D22: Fuel | E22: 350 | F22: 120
D23: Public Transportation | E23: 70 | F23: 220
D30: =IF(Calc!C8=0,"",Calc!C8) -> Groceries | E30: W1-W2 | F30: W3-W4 | G30: W5-W6 | H30: W7-W8 | I30: W9-W10 | J30: W11-W12 | K30: W13-W14 | L30: W15-W16 | M30: W17-W18 | N30: W19-W20 | O30: W21-W22 | P30: W23-W24 | Q30: W25-W26 | R30: W27-W28 | S30: W29-W30 | T30: W31-W32 | U30: W33-W34 | V30: W35-W36 | W30: W37-W38 | X30: W39-W40 | Y30: W41-W42 | Z30: W43-W44 | AA30: W45-W46 | AB30: W47-W48 | AC30: W49-W50 | AD30: W51-W52
D31: Snacks | E31: 30 | F31: 35
D32: Food | E32: 80
D33: Pet Supplies | E33: 60 | F33: 70
D41: =IF(Calc!C9=0,"",Calc!C9) -> Health and Wellness | E41: W1-W2 | F41: W3-W4 | G41: W5-W6 | H41: W7-W8 | I41: W9-W10 | J41: W11-W12 | K41: W13-W14 | L41: W15-W16 | M41: W17-W18 | N41: W19-W20 | O41: W21-W22 | P41: W23-W24 | Q41: W25-W26 | R41: W27-W28 | S41: W29-W30 | T41: W31-W32 | U41: W33-W34 | V41: W35-W36 | W41: W37-W38 | X41: W39-W40 | Y41: W41-W42 | Z41: W43-W44 | AA41: W45-W46 | AB41: W47-W48 | AC41: W49-W50 | AD41: W51-W52
D42: Medical | E42: 1000 | F42: 300
D43: Gym | E43: 120 | F43: 200
D52: =IF(Calc!C10=0,"",Calc!C10) | E52: W1-W2 | F52: W3-W4 | G52: W5-W6 | H52: W7-W8 | I52: W9-W10 | J52: W11-W12 | K52: W13-W14 | L52: W15-W16 | M52: W17-W18 | N52: W19-W20 | O52: W21-W22 | P52: W23-W24 | Q52: W25-W26 | R52: W27-W28 | S52: W29-W30 | T52: W31-W32 | U52: W33-W34 | V52: W35-W36 | W52: W37-W38 | X52: W39-W40 | Y52: W41-W42 | Z52: W43-W44 | AA52: W45-W46 | AB52: W47-W48 | AC52: W49-W50 | AD52: W51-W52
E63: W1-W2 | F63: W3-W4 | G63: W5-W6 | H63: W7-W8 | I63: W9-W10 | J63: W11-W12 | K63: W13-W14 | L63: W15-W16 | M63: W17-W18 | N63: W19-W20 | O63: W21-W22 | P63: W23-W24 | Q63: W25-W26 | R63: W27-W28 | S63: W29-W30 | T63: W31-W32 | U63: W33-W34 | V63: W35-W36 | W63: W37-W38 | X63: W39-W40 | Y63: W41-W42 | Z63: W43-W44 | AA63: W45-W46 | AB63: W47-W48 | AC63: W49-W50 | AD63: W51-W52
E74: W1-W2 | F74: W3-W4 | G74: W5-W6 | H74: W7-W8 | I74: W9-W10 | J74: W11-W12 | K74: W13-W14 | L74: W15-W16 | M74: W17-W18 | N74: W19-W20 | O74: W21-W22 | P74: W23-W24 | Q74: W25-W26 | R74: W27-W28 | S74: W29-W30 | T74: W31-W32 | U74: W33-W34 | V74: W35-W36 | W74: W37-W38 | X74: W39-W40 | Y74: W41-W42 | Z74: W43-W44 | AA74: W45-W46 | AB74: W47-W48 | AC74: W49-W50 | AD74: W51-W52
E85: W1-W2 | F85: W3-W4 | G85: W5-W6 | H85: W7-W8 | I85: W9-W10 | J85: W11-W12 | K85: W13-W14 | L85: W15-W16 | M85: W17-W18 | N85: W19-W20 | O85: W21-W22 | P85: W23-W24 | Q85: W25-W26 | R85: W27-W28 | S85: W29-W30 | T85: W31-W32 | U85: W33-W34 | V85: W35-W36 | W85: W37-W38 | X85: W39-W40 | Y85: W41-W42 | Z85: W43-W44 | AA85: W45-W46 | AB85: W47-W48 | AC85: W49-W50 | AD85: W51-W52
E96: W1-W2 | F96: W3-W4 | G96: W5-W6 | H96: W7-W8 | I96: W9-W10 | J96: W11-W12 | K96: W13-W14 | L96: W15-W16 | M96: W17-W18 | N96: W19-W20 | O96: W21-W22 | P96: W23-W24 | Q96: W25-W26 | R96: W27-W28 | S96: W29-W30 | T96: W31-W32 | U96: W33-W34 | V96: W35-W36 | W96: W37-W38 | X96: W39-W40 | Y96: W41-W42 | Z96: W43-W44 | AA96: W45-W46 | AB96: W47-W48 | AC96: W49-W50 | AD96: W51-W52
E107: W1-W2 | F107: W3-W4 | G107: W5-W6 | H107: W7-W8 | I107: W9-W10 | J107: W11-W12 | K107: W13-W14 | L107: W15-W16 | M107: W17-W18 | N107: W19-W20 | O107: W21-W22 | P107: W23-W24 | Q107: W25-W26 | R107: W27-W28 | S107: W29-W30 | T107: W31-W32 | U107: W33-W34 | V107: W35-W36 | W107: W37-W38 | X107: W39-W40 | Y107: W41-W42 | Z107: W43-W44 | AA107: W45-W46 | AB107: W47-W48 | AC107: W49-W50 | AD107: W51-W52

Sheet Calc
G3: =MAX(COUNTA(G6:G10)-COUNTBLANK(G6:G10),1) -> 4 | H3: =MAX(COUNTA(H6:H10)-COUNTBLANK(H6:H10),1) -> 4
C4: =MAX(COUNTA(C6:C10)-COUNTBLANK(C6:C10),1) -> 4 | D4: =IF(Dashboard!$O$8=0,"",Dashboard!$O$8) -> W1-W2 | G4: CHART | K4: =MAX(COUNTA(K6:K10)-COUNTBLANK(K6:K10),1) -> 4 | L4: =MAX(COUNTA(L6:L10)-COUNTBLANK(L6:L10),1) -> 4 | M4: =MAX(COUNTA(M6:M10)-COUNTBLANK(M6:M10),1) -> 1 | N4: =MAX(COUNTA(N6:N10)-COUNTBLANK(N6:N10),1) -> 1 | O4: =MAX(COUNTA(O6:O10)-COUNTBLANK(O6:O10),1) -> 1 | P4: =MAX(COUNTA(P6:P10)-COUNTBLANK(P6:P10),1) -> 1 | Q4: =MAX(COUNTA(Q6:Q10)-COUNTBLANK(Q6:Q10),1) -> 1 | R4: =MAX(COUNTA(R6:R10)-COUNTBLANK(R6:R10),1) -> 1 | ... AJ4: =MAX(COUNTA(AJ6:AJ10)-COUNTBLANK(AJ6:AJ10),1) -> 1
B5: S | C5: No Dub | D5: $ | E5: Rank | F5: Rank Adj | G5: Sorted Cat. | H5: $ | J5: Cat. | K5: W1-W2 | L5: W3-W4 | M5: W5-W6 | N5: W7-W8 | O5: W9-W10 | P5: W11-W12 | Q5: W13-W14 | R5: W15-W16 | S5: W17-W18 | T5: W19-W20 | U5: W21-W22 | V5: W23-W24 | W5: W25-W26 | X5: W27-W28 | Y5: W29-W30 | Z5: W31-W32 | AA5: W33-W34 | AB5: W35-W36 | AC5: W37-W38 | AD5: W39-W40 | AE5: W41-W42 | AF5: W43-W44 | AG5: W45-W46 | AH5: W47-W48 | AI5: W49-W50 | AJ5: W51-W52
A6: 1 | B6: =IF(Dashboard!D11=0,"",Dashboard!D11) -> Entertainment | C6: {=IFERROR(INDEX($B$6:$B$10,MATCH(0,INDEX((LEN($B$6:$B$10)=0)+COUNTIF($C$5:$C5,$B$6:$B$10),0),0)),"")} -> Entertainment | D6: =IFERROR(INDEX($K$6:$AJ$10,MATCH(C6,$J$6:$J$10,0),MATCH($D$4,$K$5:$AJ$5,0)),"") -> 355 | E6: =IFERROR(IF(LEN(D6)=0,"",+RANK(D6,$D$6:$D$10,0)),"") -> 3 | F6: =IFERROR(IF(LEN(E6)=0,"",+COUNTIF($E$6:$E6,$E6)+E6-1),"") -> 3 | G6: =IFERROR(INDEX($C$6:$C$10,MATCH(A6,$F$6:$F$10,0)),"") -> Health and Wellness | H6: =IFERROR(INDEX($C$6:$D$10,MATCH(G6,$C$6:$C$10,0),2),"") -> 1120 | J6: =IF(Expenses!D8=0,"",Expenses!D8) -> Entertainment | K6: =IF(SUM(Expenses!E9:E18)=0,"",SUM(Expenses!E9:E18)) -> 355 | L6: =IF(SUM(Expenses!F9:F18)=0,"",SUM(Expenses!F9:F18)) -> 220 | M6: =IF(SUM(Expenses!G9:G18)=0,"",SUM(Expenses!G9:G18)) | N6: =IF(SUM(Expenses!H9:H18)=0,"",SUM(Expenses!H9:H18)) | O6: =IF(SUM(Expenses!I9:I18)=0,"",SUM(Expenses!I9:I18)) | P6: =IF(SUM(Expenses!J9:J18)=0,"",SUM(Expenses!J9:J18)) | Q6: =IF(SUM(Expenses!K9:K18)=0,"",SUM(Expenses!K9:K18)) | R6: =IF(SUM(Expenses!L9:L18)=0,"",SUM(Expenses!L9:L18)) | ... AJ6: =IF(SUM(Expenses!AD9:AD18)=0,"",SUM(Expenses!AD9:AD18))
A7: 2 | B7: =IF(Dashboard!D12=0,"",Dashboard!D12) -> Transportation | C7: {=IFERROR(INDEX($B$6:$B$10,MATCH(0,INDEX((LEN($B$6:$B$10)=0)+COUNTIF($C$5:$C6,$B$6:$B$10),0),0)),"")} -> Transportation | D7: =IFERROR(INDEX($K$6:$AJ$10,MATCH(C7,$J$6:$J$10,0),MATCH($D$4,$K$5:$AJ$5,0)),"") -> 730 | E7: =IFERROR(IF(LEN(D7)=0,"",+RANK(D7,$D$6:$D$10,0)),"") -> 2 | F7: =IFERROR(IF(LEN(E7)=0,"",+COUNTIF($E$6:$E7,$E7)+E7-1),"") -> 2 | G7: =IFERROR(INDEX($C$6:$C$10,MATCH(A7,$F$6:$F$10,0)),"") -> Transportation | H7: =IFERROR(INDEX($C$6:$D$10,MATCH(G7,$C$6:$C$10,0),2),"") -> 730 | J7: =IF(Expenses!D19=0,"",Expenses!D19) -> Transportation | K7: =IF(SUM(Expenses!E20:E29)=0,"",SUM(Expenses!E20:E29)) -> 730 | L7: =IF(SUM(Expenses!F20:F29)=0,"",SUM(Expenses!F20:F29)) -> 677 | M7: =IF(SUM(Expenses!G20:G29)=0,"",SUM(Expenses!G20:G29)) | N7: =IF(SUM(Expenses!H20:H29)=0,"",SUM(Expenses!H20:H29)) | O7: =IF(SUM(Expenses!I20:I29)=0,"",SUM(Expenses!I20:I29)) | P7: =IF(SUM(Expenses!J20:J29)=0,"",SUM(Expenses!J20:J29)) | Q7: =IF(SUM(Expenses!K20:K29)=0,"",SUM(Expenses!K20:K29)) | R7: =IF(SUM(Expenses!L20:L29)=0,"",SUM(Expenses!L20:L29)) | ... AJ7: =IF(SUM(Expenses!AD20:AD29)=0,"",SUM(Expenses!AD20:AD29))
A8: 3 | B8: =IF(Dashboard!D13=0,"",Dashboard!D13) -> Groceries | C8: {=IFERROR(INDEX($B$6:$B$10,MATCH(0,INDEX((LEN($B$6:$B$10)=0)+COUNTIF($C$5:$C7,$B$6:$B$10),0),0)),"")} -> Groceries | D8: =IFERROR(INDEX($K$6:$AJ$10,MATCH(C8,$J$6:$J$10,0),MATCH($D$4,$K$5:$AJ$5,0)),"") -> 170 | E8: =IFERROR(IF(LEN(D8)=0,"",+RANK(D8,$D$6:$D$10,0)),"") -> 4 | F8: =IFERROR(IF(LEN(E8)=0,"",+COUNTIF($E$6:$E8,$E8)+E8-1),"") -> 4 | G8: =IFERROR(INDEX($C$6:$C$10,MATCH(A8,$F$6:$F$10,0)),"") -> Entertainment | H8: =IFERROR(INDEX($C$6:$D$10,MATCH(G8,$C$6:$C$10,0),2),"") -> 355 | J8: =IF(Expenses!D30=0,"",Expenses!D30) -> Groceries | K8: =IF(SUM(Expenses!E31:E40)=0,"",SUM(Expenses!E31:E40)) -> 170 | L8: =IF(SUM(Expenses!F31:F40)=0,"",SUM(Expenses!F31:F40)) -> 105 | M8: =IF(SUM(Expenses!G31:G40)=0,"",SUM(Expenses!G31:G40)) | N8: =IF(SUM(Expenses!H31:H40)=0,"",SUM(Expenses!H31:H40)) | O8: =IF(SUM(Expenses!I31:I40)=0,"",SUM(Expenses!I31:I40)) | P8: =IF(SUM(Expenses!J31:J40)=0,"",SUM(Expenses!J31:J40)) | Q8: =IF(SUM(Expenses!K31:K40)=0,"",SUM(Expenses!K31:K40)) | R8: =IF(SUM(Expenses!L31:L40)=0,"",SUM(Expenses!L31:L40)) | ... AJ8: =IF(SUM(Expenses!AD31:AD40)=0,"",SUM(Expenses!AD31:AD40))
A9: 4 | B9: =IF(Dashboard!D14=0,"",Dashboard!D14) -> Health and Wellness | C9: {=IFERROR(INDEX($B$6:$B$10,MATCH(0,INDEX((LEN($B$6:$B$10)=0)+COUNTIF($C$5:$C8,$B$6:$B$10),0),0)),"")} -> Health and Wellness | D9: =IFERROR(INDEX($K$6:$AJ$10,MATCH(C9,$J$6:$J$10,0),MATCH($D$4,$K$5:$AJ$5,0)),"") -> 1120 | E9: =IFERROR(IF(LEN(D9)=0,"",+RANK(D9,$D$6:$D$10,0)),"") -> 1 | F9: =IFERROR(IF(LEN(E9)=0,"",+COUNTIF($E$6:$E9,$E9)+E9-1),"") -> 1 | G9: =IFERROR(INDEX($C$6:$C$10,MATCH(A9,$F$6:$F$10,0)),"") -> Groceries | H9: =IFERROR(INDEX($C$6:$D$10,MATCH(G9,$C$6:$C$10,0),2),"") -> 170 | J9: =IF(Expenses!D41=0,"",Expenses!D41) -> Health and Wellness | K9: =IF(SUM(Expenses!E42:E51)=0,"",SUM(Expenses!E42:E51)) -> 1120 | L9: =IF(SUM(Expenses!F42:F51)=0,"",SUM(Expenses!F42:F51)) -> 500 | M9: =IF(SUM(Expenses!G42:G51)=0,"",SUM(Expenses!G42:G51)) | N9: =IF(SUM(Expenses!H42:H51)=0,"",SUM(Expenses!H42:H51)) | O9: =IF(SUM(Expenses!I42:I51)=0,"",SUM(Expenses!I42:I51)) | P9: =IF(SUM(Expenses!J42:J51)=0,"",SUM(Expenses!J42:J51)) | Q9: =IF(SUM(Expenses!K42:K51)=0,"",SUM(Expenses!K42:K51)) | R9: =IF(SUM(Expenses!L42:L51)=0,"",SUM(Expenses!L42:L51)) | ... AJ9: =IF(SUM(Expenses!AD42:AD51)=0,"",SUM(Expenses!AD42:AD51))
A10: 5 | B10: =IF(Dashboard!D15=0,"",Dashboard!D15) | C10: {=IFERROR(INDEX($B$6:$B$10,MATCH(0,INDEX((LEN($B$6:$B$10)=0)+COUNTIF($C$5:$C9,$B$6:$B$10),0),0)),"")} | D10: =IFERROR(INDEX($K$6:$AJ$10,MATCH(C10,$J$6:$J$10,0),MATCH($D$4,$K$5:$AJ$5,0)),"") | E10: =IFERROR(IF(LEN(D10)=0,"",+RANK(D10,$D$6:$D$10,0)),"") | F10: =IFERROR(IF(LEN(E10)=0,"",+COUNTIF($E$6:$E10,$E10)+E10-1),"") | G10: =IFERROR(INDEX($C$6:$C$10,MATCH(A10,$F$6:$F$10,0)),"") | H10: =IFERROR(INDEX($C$6:$D$10,MATCH(G10,$C$6:$C$10,0),2),"") | J10: =IF(Expenses!D52=0,"",Expenses!D52) | K10: =IF(SUM(Expenses!E53:E62)=0,"",SUM(Expenses!E53:E62)) | L10: =IF(SUM(Expenses!F53:F62)=0,"",SUM(Expenses!F53:F62)) | M10: =IF(SUM(Expenses!G53:G62)=0,"",SUM(Expenses!G53:G62)) | N10: =IF(SUM(Expenses!H53:H62)=0,"",SUM(Expenses!H53:H62)) | O10: =IF(SUM(Expenses!I53:I62)=0,"",SUM(Expenses!I53:I62)) | P10: =IF(SUM(Expenses!J53:J62)=0,"",SUM(Expenses!J53:J62)) | Q10: =IF(SUM(Expenses!K53:K62)=0,"",SUM(Expenses!K53:K62)) | R10: =IF(SUM(Expenses!L53:L62)=0,"",SUM(Expenses!L53:L62)) | ... AJ10: =IF(SUM(Expenses!AD53:AD62)=0,"",SUM(Expenses!AD53:AD62))
C12: weeks_dd | D12: weeks_noBlank | E12: Weeks | F12: Total | H12: Income Summary | N12: =IF(Expenses!D8=0,"",Expenses!D8) -> Entertainment | O12: W1-W2 | P12: W3-W4 | Q12: W5-W6 | R12: W7-W8 | S12: W9-W10 | T12: W11-W12 | U12: W13-W14 | V12: W15-W16 | W12: W17-W18 | X12: W19-W20 | Y12: W21-W22 | Z12: W23-W24 | AA12: W25-W26 | AB12: W27-W28 | AC12: W29-W30 | AD12: W31-W32 | AE12: W33-W34 | AF12: W35-W36 | AG12: W37-W38 | AH12: W39-W40 | AI12: W41-W42 | AJ12: W43-W44 | AK12: W45-W46 | AL12: W47-W48 | AM12: W49-W50 | AN12: W51-W52
B13: =MAX(COUNTA(C13:C38)-COUNTBLANK(C13:C38),1) -> 2 | C13: =IF(LEN(F13)=0,"",E13) -> W1-W2 | D13: {=IFERROR(INDEX($C$13:$C$38,MATCH(0,INDEX((LEN($C$13:$C$38)=0)+COUNTIF($D$12:$D12,$C$13:$C$38),0),0)),"")} -> W1-W2 | E13: W1-W2 | F13: =IF(SUM(K$6:K$10)=0,"",SUM(K$6:K$10)) -> 2375 | H13: =IFERROR(Dashboard!I11,"") -> 3500 | I13: 1 | J13: {=IFERROR(IF(LEN($L$28)=0,"",INDEX($N$12:$N$66,MATCH($L$28,$N$12:$N$66,0)+I13,1)),"")} -> Concerts | K13: =IFERROR(L13/$L$23,"") -> 0.42253521 | L13: =IFERROR(INDEX($N$13:$AN$66,MATCH(J13,$N$13:$N$66,0),MATCH($L$29,$N$12:$AN$12,0)),"") -> 150 | N13: =IF(Expenses!D9=0,"",Expenses!D9) -> Concerts | O13: =IF(Expenses!E9=0,"",Expenses!E9) -> 150 | P13: =IF(Expenses!F9=0,"",Expenses!F9) -> 100 | Q13: =IF(Expenses!G9=0,"",Expenses!G9) | R13: =IF(Expenses!H9=0,"",Expenses!H9) | S13: =IF(Expenses!I9=0,"",Expenses!I9) | T13: =IF(Expenses!J9=0,"",Expenses!J9) | U13: =IF(Expenses!K9=0,"",Expenses!K9) | ... AN13: =IF(Expenses!AD9=0,"",Expenses!AD9)
C14: =IF(LEN(F14)=0,"",E14) -> W3-W4 | D14: {=IFERROR(INDEX($C$13:$C$38,MATCH(0,INDEX((LEN($C$13:$C$38)=0)+COUNTIF($D$12:$D13,$C$13:$C$38),0),0)),"")} -> W3-W4 | E14: W3-W4 | F14: =IF(SUM(L$6:L$10)=0,"",SUM(L$6:L$10)) -> 1502 | H14: =IFERROR(Dashboard!I12,"") -> 500 | I14: 2 | J14: {=IFERROR(IF(LEN($L$28)=0,"",INDEX($N$12:$N$66,MATCH($L$28,$N$12:$N$66,0)+I14,1)),"")} -> Movies and Theater | K14: =IFERROR(L14/$L$23,"") -> 0.35211268 | L14: =IFERROR(INDEX($N$13:$AN$66,MATCH(J14,$N$13:$N$66,0),MATCH($L$29,$N$12:$AN$12,0)),"") -> 125 | N14: =IF(Expenses!D10=0,"",Expenses!D10) -> Movies and Theater | O14: =IF(Expenses!E10=0,"",Expenses!E10) -> 125 | P14: =IF(Expenses!F10=0,"",Expenses!F10) | Q14: =IF(Expenses!G10=0,"",Expenses!G10) | R14: =IF(Expenses!H10=0,"",Expenses!H10) | S14: =IF(Expenses!I10=0,"",Expenses!I10) | T14: =IF(Expenses!J10=0,"",Expenses!J10) | U14: =IF(Expenses!K10=0,"",Expenses!K10) | ... AN14: =IF(Expenses!AD10=0,"",Expenses!AD10)
C15: =IF(LEN(F15)=0,"",E15) | D15: {=IFERROR(INDEX($C$13:$C$38,MATCH(0,INDEX((LEN($C$13:$C$38)=0)+COUNTIF($D$12:$D14,$C$13:$C$38),0),0)),"")} | E15: W5-W6 | F15: =IF(SUM(M$6:M$10)=0,"",SUM(M$6:M$10)) | H15: =IFERROR(Dashboard!I13,"") -> 625 | I15: 3 | J15: {=IFERROR(IF(LEN($L$28)=0,"",INDEX($N$12:$N$66,MATCH($L$28,$N$12:$N$66,0)+I15,1)),"")} -> Books | K15: =IFERROR(L15/$L$23,"") -> 0.22535211 | L15: =IFERROR(INDEX($N$13:$AN$66,MATCH(J15,$N$13:$N$66,0),MATCH($L$29,$N$12:$AN$12,0)),"") -> 80 | N15: =IF(Expenses!D11=0,"",Expenses!D11) -> Books | O15: =IF(Expenses!E11=0,"",Expenses!E11) -> 80 | P15: =IF(Expenses!F11=0,"",Expenses!F11) -> 120 | Q15: =IF(Expenses!G11=0,"",Expenses!G11) | R15: =IF(Expenses!H11=0,"",Expenses!H11) | S15: =IF(Expenses!I11=0,"",Expenses!I11) | T15: =IF(Expenses!J11=0,"",Expenses!J11) | U15: =IF(Expenses!K11=0,"",Expenses!K11) | ... AN15: =IF(Expenses!AD11=0,"",Expenses!AD11)
C16: =IF(LEN(F16)=0,"",E16) | D16: {=IFERROR(INDEX($C$13:$C$38,MATCH(0,INDEX((LEN($C$13:$C$38)=0)+COUNTIF($D$12:$D15,$C$13:$C$38),0),0)),"")} | E16: W7-W8 | F16: =IF(SUM(N$6:N$10)=0,"",SUM(N$6:N$10)) | H16: =IFERROR(Dashboard!I14,"") -> 0 | I16: 4 | J16: {=IFERROR(IF(LEN($L$28)=0,"",INDEX($N$12:$N$66,MATCH($L$28,$N$12:$N$66,0)+I16,1)),"")} | K16: =IFERROR(L16/$L$23,"") | L16: =IFERROR(INDEX($N$13:$AN$66,MATCH(J16,$N$13:$N$66,0),MATCH($L$29,$N$12:$AN$12,0)),"") | N16: =IF(Expenses!D12=0,"",Expenses!D12) | O16: =IF(Expenses!E12=0,"",Expenses!E12) | P16: =IF(Expenses!F12=0,"",Expenses!F12) | Q16: =IF(Expenses!G12=0,"",Expenses!G12) | R16: =IF(Expenses!H12=0,"",Expenses!H12) | S16: =IF(Expenses!I12=0,"",Expenses!I12) | T16: =IF(Expenses!J12=0,"",Expenses!J12) | U16: =IF(Expenses!K12=0,"",Expenses!K12) | ... AN16: =IF(Expenses!AD12=0,"",Expenses!AD12)
C17: =IF(LEN(F17)=0,"",E17) | D17: {=IFERROR(INDEX($C$13:$C$38,MATCH(0,INDEX((LEN($C$13:$C$38)=0)+COUNTIF($D$12:$D16,$C$13:$C$38),0),0)),"")} | E17: W9-W10 | F17: =IF(SUM(O$6:O$10)=0,"",SUM(O$6:O$10)) | H17: =IFERROR(Dashboard!I15,"") -> 0 | I17: 5 | J17: {=IFERROR(IF(LEN($L$28)=0,"",INDEX($N$12:$N$66,MATCH($L$28,$N$12:$N$66,0)+I17,1)),"")} | K17: =IFERROR(L17/$L$23,"") | L17: =IFERROR(INDEX($N$13:$AN$66,MATCH(J17,$N$13:$N$66,0),MATCH($L$29,$N$12:$AN$12,0)),"") | N17: =IF(Expenses!D13=0,"",Expenses!D13) | O17: =IF(Expenses!E13=0,"",Expenses!E13) | P17: =IF(Expenses!F13=0,"",Expenses!F13) | Q17: =IF(Expenses!G13=0,"",Expenses!G13) | R17: =IF(Expenses!H13=0,"",Expenses!H13) | S17: =IF(Expenses!I13=0,"",Expenses!I13) | T17: =IF(Expenses!J13=0,"",Expenses!J13) | U17: =IF(Expenses!K13=0,"",Expenses!K13) | ... AN17: =IF(Expenses!AD13=0,"",Expenses!AD13)
C18: =IF(LEN(F18)=0,"",E18) | D18: {=IFERROR(INDEX($C$13:$C$38,MATCH(0,INDEX((LEN($C$13:$C$38)=0)+COUNTIF($D$12:$D17,$C$13:$C$38),0),0)),"")} | E18: W11-W12 | F18: =IF(SUM(P$6:P$10)=0,"",SUM(P$6:P$10)) | H18: =SUM(H13:H17) -> 4625 | I18: 6 | J18: {=IFERROR(IF(LEN($L$28)=0,"",INDEX($N$12:$N$66,MATCH($L$28,$N$12:$N$66,0)+I18,1)),"")} | K18: =IFERROR(L18/$L$23,"") | L18: =IFERROR(INDEX($N$13:$AN$66,MATCH(J18,$N$13:$N$66,0),MATCH($L$29,$N$12:$AN$12,0)),"") | N18: =IF(Expenses!D14=0,"",Expenses!D14) | O18: =IF(Expenses!E14=0,"",Expenses!E14) | P18: =IF(Expenses!F14=0,"",Expenses!F14) | Q18: =IF(Expenses!G14=0,"",Expenses!G14) | R18: =IF(Expenses!H14=0,"",Expenses!H14) | S18: =IF(Expenses!I14=0,"",Expenses!I14) | T18: =IF(Expenses!J14=0,"",Expenses!J14) | U18: =IF(Expenses!K14=0,"",Expenses!K14) | ... AN18: =IF(Expenses!AD14=0,"",Expenses!AD14)
C19: =IF(LEN(F19)=0,"",E19) | D19: {=IFERROR(INDEX($C$13:$C$38,MATCH(0,INDEX((LEN($C$13:$C$38)=0)+COUNTIF($D$12:$D18,$C$13:$C$38),0),0)),"")} | E19: W13-W14 | F19: =IF(SUM(Q$6:Q$10)=0,"",SUM(Q$6:Q$10)) | I19: 7 | J19: {=IFERROR(IF(LEN($L$28)=0,"",INDEX($N$12:$N$66,MATCH($L$28,$N$12:$N$66,0)+I19,1)),"")} | K19: =IFERROR(L19/$L$23,"") | L19: =IFERROR(INDEX($N$13:$AN$66,MATCH(J19,$N$13:$N$66,0),MATCH($L$29,$N$12:$AN$12,0)),"") | N19: =IF(Expenses!D15=0,"",Expenses!D15) | O19: =IF(Expenses!E15=0,"",Expenses!E15) | P19: =IF(Expenses!F15=0,"",Expenses!F15) | Q19: =IF(Expenses!G15=0,"",Expenses!G15) | R19: =IF(Expenses!H15=0,"",Expenses!H15) | S19: =IF(Expenses!I15=0,"",Expenses!I15) | T19: =IF(Expenses!J15=0,"",Expenses!J15) | U19: =IF(Expenses!K15=0,"",Expenses!K15) | ... AN19: =IF(Expenses!AD15=0,"",Expenses!AD15)
C20: =IF(LEN(F20)=0,"",E20) | D20: {=IFERROR(INDEX($C$13:$C$38,MATCH(0,INDEX((LEN($C$13:$C$38)=0)+COUNTIF($D$12:$D19,$C$13:$C$38),0),0)),"")} | E20: W15-W16 | F20: =IF(SUM(R$6:R$10)=0,"",SUM(R$6:R$10)) | I20: 8 | J20: {=IFERROR(IF(LEN($L$28)=0,"",INDEX($N$12:$N$66,MATCH($L$28,$N$12:$N$66,0)+I20,1)),"")} | K20: =IFERROR(L20/$L$23,"") | L20: =IFERROR(INDEX($N$13:$AN$66,MATCH(J20,$N$13:$N$66,0),MATCH($L$29,$N$12:$AN$12,0)),"") | N20: =IF(Expenses!D16=0,"",Expenses!D16) | O20: =IF(Expenses!E16=0,"",Expenses!E16) | P20: =IF(Expenses!F16=0,"",Expenses!F16) | Q20: =IF(Expenses!G16=0,"",Expenses!G16) | R20: =IF(Expenses!H16=0,"",Expenses!H16) | S20: =IF(Expenses!I16=0,"",Expenses!I16) | T20: =IF(Expenses!J16=0,"",Expenses!J16) | U20: =IF(Expenses!K16=0,"",Expenses!K16) | ... AN20: =IF(Expenses!AD16=0,"",Expenses!AD16)
C21: =IF(LEN(F21)=0,"",E21) | D21: {=IFERROR(INDEX($C$13:$C$38,MATCH(0,INDEX((LEN($C$13:$C$38)=0)+COUNTIF($D$12:$D20,$C$13:$C$38),0),0)),"")} | E21: W17-W18 | F21: =IF(SUM(S$6:S$10)=0,"",SUM(S$6:S$10)) | I21: 9 | J21: {=IFERROR(IF(LEN($L$28)=0,"",INDEX($N$12:$N$66,MATCH($L$28,$N$12:$N$66,0)+I21,1)),"")} | K21: =IFERROR(L21/$L$23,"") | L21: =IFERROR(INDEX($N$13:$AN$66,MATCH(J21,$N$13:$N$66,0),MATCH($L$29,$N$12:$AN$12,0)),"") | N21: =IF(Expenses!D17=0,"",Expenses!D17) | O21: =IF(Expenses!E17=0,"",Expenses!E17) | P21: =IF(Expenses!F17=0,"",Expenses!F17) | Q21: =IF(Expenses!G17=0,"",Expenses!G17) | R21: =IF(Expenses!H17=0,"",Expenses!H17) | S21: =IF(Expenses!I17=0,"",Expenses!I17) | T21: =IF(Expenses!J17=0,"",Expenses!J17) | U21: =IF(Expenses!K17=0,"",Expenses!K17) | ... AN21: =IF(Expenses!AD17=0,"",Expenses!AD17)
C22: =IF(LEN(F22)=0,"",E22) | D22: {=IFERROR(INDEX($C$13:$C$38,MATCH(0,INDEX((LEN($C$13:$C$38)=0)+COUNTIF($D$12:$D21,$C$13:$C$38),0),0)),"")} | E22: W19-W20 | F22: =IF(SUM(T$6:T$10)=0,"",SUM(T$6:T$10)) | I22: 10 | J22: {=IFERROR(IF(LEN($L$28)=0,"",INDEX($N$12:$N$66,MATCH($L$28,$N$12:$N$66,0)+I22,1)),"")} | K22: =IFERROR(L22/$L$23,"") | L22: =IFERROR(INDEX($N$13:$AN$66,MATCH(J22,$N$13:$N$66,0),MATCH($L$29,$N$12:$AN$12,0)),"") | N22: =IF(Expenses!D18=0,"",Expenses!D18) | O22: =IF(Expenses!E18=0,"",Expenses!E18) | P22: =IF(Expenses!F18=0,"",Expenses!F18) | Q22: =IF(Expenses!G18=0,"",Expenses!G18) | R22: =IF(Expenses!H18=0,"",Expenses!H18) | S22: =IF(Expenses!I18=0,"",Expenses!I18) | T22: =IF(Expenses!J18=0,"",Expenses!J18) | U22: =IF(Expenses!K18=0,"",Expenses!K18) | ... AN22: =IF(Expenses!AD18=0,"",Expenses!AD18)
C23: =IF(LEN(F23)=0,"",E23) | D23: {=IFERROR(INDEX($C$13:$C$38,MATCH(0,INDEX((LEN($C$13:$C$38)=0)+COUNTIF($D$12:$D22,$C$13:$C$38),0),0)),"")} | E23: W21-W22 | F23: =IF(SUM(U$6:U$10)=0,"",SUM(U$6:U$10)) | L23: =IF(SUM($L$13:$L$22)=0,"",SUM($L$13:$L$22)) -> 355 | N23: =IF(Expenses!D19=0,"",Expenses!D19) -> Transportation | O23: W1-W2 | P23: W3-W4 | Q23: W5-W6 | R23: W7-W8 | S23: W9-W10 | T23: W11-W12 | U23: W13-W14 | V23: W15-W16 | W23: W17-W18 | X23: W19-W20 | Y23: W21-W22 | Z23: W23-W24 | AA23: W25-W26 | AB23: W27-W28 | AC23: W29-W30 | AD23: W31-W32 | AE23: W33-W34 | AF23: W35-W36 | AG23: W37-W38 | AH23: W39-W40 | AI23: W41-W42 | AJ23: W43-W44 | AK23: W45-W46 | AL23: W47-W48 | AM23: W49-W50 | AN23: W51-W52
C24: =IF(LEN(F24)=0,"",E24) | D24: {=IFERROR(INDEX($C$13:$C$38,MATCH(0,INDEX((LEN($C$13:$C$38)=0)+COUNTIF($D$12:$D23,$C$13:$C$38),0),0)),"")} | E24: W23-W24 | F24: =IF(SUM(V$6:V$10)=0,"",SUM(V$6:V$10)) | N24: =IF(Expenses!D20=0,"",Expenses!D20) -> Parking Fees | O24: =IF(Expenses!E20=0,"",Expenses!E20) -> 60 | P24: =IF(Expenses!F20=0,"",Expenses!F20) | Q24: =IF(Expenses!G20=0,"",Expenses!G20) | R24: =IF(Expenses!H20=0,"",Expenses!H20) | S24: =IF(Expenses!I20=0,"",Expenses!I20) | T24: =IF(Expenses!J20=0,"",Expenses!J20) | U24: =IF(Expenses!K20=0,"",Expenses!K20) | ... AN24: =IF(Expenses!AD20=0,"",Expenses!AD20)
C25: =IF(LEN(F25)=0,"",E25) | D25: {=IFERROR(INDEX($C$13:$C$38,MATCH(0,INDEX((LEN($C$13:$C$38)=0)+COUNTIF($D$12:$D24,$C$13:$C$38),0),0)),"")} | E25: W25-W26 | F25: =IF(SUM(W$6:W$10)=0,"",SUM(W$6:W$10)) | N25: =IF(Expenses!D21=0,"",Expenses!D21) -> Vehicle Maintenance | O25: =IF(Expenses!E21=0,"",Expenses!E21) -> 250 | P25: =IF(Expenses!F21=0,"",Expenses!F21) -> 337 | Q25: =IF(Expenses!G21=0,"",Expenses!G21) | R25: =IF(Expenses!H21=0,"",Expenses!H21) | S25: =IF(Expenses!I21=0,"",Expenses!I21) | T25: =IF(Expenses!J21=0,"",Expenses!J21) | U25: =IF(Expenses!K21=0,"",Expenses!K21) | ... AN25: =IF(Expenses!AD21=0,"",Expenses!AD21)
C26: =IF(LEN(F26)=0,"",E26) | D26: {=IFERROR(INDEX($C$13:$C$38,MATCH(0,INDEX((LEN($C$13:$C$38)=0)+COUNTIF($D$12:$D25,$C$13:$C$38),0),0)),"")} | E26: W27-W28 | F26: =IF(SUM(X$6:X$10)=0,"",SUM(X$6:X$10)) | N26: =IF(Expenses!D22=0,"",Expenses!D22) -> Fuel | O26: =IF(Expenses!E22=0,"",Expenses!E22) -> 350 | P26: =IF(Expenses!F22=0,"",Expenses!F22) -> 120 | Q26: =IF(Expenses!G22=0,"",Expenses!G22) | R26: =IF(Expenses!H22=0,"",Expenses!H22) | S26: =IF(Expenses!I22=0,"",Expenses!I22) | T26: =IF(Expenses!J22=0,"",Expenses!J22) | U26: =IF(Expenses!K22=0,"",Expenses!K22) | ... AN26: =IF(Expenses!AD22=0,"",Expenses!AD22)
C27: =IF(LEN(F27)=0,"",E27) | D27: {=IFERROR(INDEX($C$13:$C$38,MATCH(0,INDEX((LEN($C$13:$C$38)=0)+COUNTIF($D$12:$D26,$C$13:$C$38),0),0)),"")} | E27: W29-W30 | F27: =IF(SUM(Y$6:Y$10)=0,"",SUM(Y$6:Y$10)) | J27: =MAX(COUNTA(J30:J39)-COUNTBLANK(J30:J39),1) -> 3 | K27: =MAX(COUNTA(K30:K39)-COUNTBLANK(K30:K39),1) -> 3 | N27: =IF(Expenses!D23=0,"",Expenses!D23) -> Public Transportation | O27: =IF(Expenses!E23=0,"",Expenses!E23) -> 70 | P27: =IF(Expenses!F23=0,"",Expenses!F23) -> 220 | Q27: =IF(Expenses!G23=0,"",Expenses!G23) | R27: =IF(Expenses!H23=0,"",Expenses!H23) | S27: =IF(Expenses!I23=0,"",Expenses!I23) | T27: =IF(Expenses!J23=0,"",Expenses!J23) | U27: =IF(Expenses!K23=0,"",Expenses!K23) | ... AN27: =IF(Expenses!AD23=0,"",Expenses!AD23)
C28: =IF(LEN(F28)=0,"",E28) | D28: {=IFERROR(INDEX($C$13:$C$38,MATCH(0,INDEX((LEN($C$13:$C$38)=0)+COUNTIF($D$12:$D27,$C$13:$C$38),0),0)),"")} | E28: W31-W32 | F28: =IF(SUM(Z$6:Z$10)=0,"",SUM(Z$6:Z$10)) | J28: PIE CHART | L28: =IF(Dashboard!$L$23=0,"",Dashboard!$L$23) -> Entertainment | N28: =IF(Expenses!D24=0,"",Expenses!D24) | O28: =IF(Expenses!E24=0,"",Expenses!E24) | P28: =IF(Expenses!F24=0,"",Expenses!F24) | Q28: =IF(Expenses!G24=0,"",Expenses!G24) | R28: =IF(Expenses!H24=0,"",Expenses!H24) | S28: =IF(Expenses!I24=0,"",Expenses!I24) | T28: =IF(Expenses!J24=0,"",Expenses!J24) | U28: =IF(Expenses!K24=0,"",Expenses!K24) | ... AN28: =IF(Expenses!AD24=0,"",Expenses!AD24)
C29: =IF(LEN(F29)=0,"",E29) | D29: {=IFERROR(INDEX($C$13:$C$38,MATCH(0,INDEX((LEN($C$13:$C$38)=0)+COUNTIF($D$12:$D28,$C$13:$C$38),0),0)),"")} | E29: W33-W34 | F29: =IF(SUM(AA$6:AA$10)=0,"",SUM(AA$6:AA$10)) | J29: Cat | K29: $ | L29: =IF(Dashboard!$O$8=0,"",Dashboard!$O$8) -> W1-W2 | N29: =IF(Expenses!D25=0,"",Expenses!D25) | O29: =IF(Expenses!E25=0,"",Expenses!E25) | P29: =IF(Expenses!F25=0,"",Expenses!F25) | Q29: =IF(Expenses!G25=0,"",Expenses!G25) | R29: =IF(Expenses!H25=0,"",Expenses!H25) | S29: =IF(Expenses!I25=0,"",Expenses!I25) | T29: =IF(Expenses!J25=0,"",Expenses!J25) | U29: =IF(Expenses!K25=0,"",Expenses!K25) | ... AN29: =IF(Expenses!AD25=0,"",Expenses!AD25)
C30: =IF(LEN(F30)=0,"",E30) | D30: {=IFERROR(INDEX($C$13:$C$38,MATCH(0,INDEX((LEN($C$13:$C$38)=0)+COUNTIF($D$12:$D29,$C$13:$C$38),0),0)),"")} | E30: W35-W36 | F30: =IF(SUM(AB$6:AB$10)=0,"",SUM(AB$6:AB$10)) | I30: =IF(LEN(K13)=0,"",J13) -> Concerts | J30: {=IFERROR(INDEX($I$30:$I$39,MATCH(0,INDEX((LEN($I$30:$I$39)=0)+COUNTIF($J$29:$J29,$I$30:$I$39),0),0)),"")} -> Concerts | K30: =INDEX($J$13:$K$22,MATCH(J30,$J$13:$J$22,0),2) -> 0.42253521 | N30: =IF(Expenses!D26=0,"",Expenses!D26) | O30: =IF(Expenses!E26=0,"",Expenses!E26) | P30: =IF(Expenses!F26=0,"",Expenses!F26) | Q30: =IF(Expenses!G26=0,"",Expenses!G26) | R30: =IF(Expenses!H26=0,"",Expenses!H26) | S30: =IF(Expenses!I26=0,"",Expenses!I26) | T30: =IF(Expenses!J26=0,"",Expenses!J26) | U30: =IF(Expenses!K26=0,"",Expenses!K26) | ... AN30: =IF(Expenses!AD26=0,"",Expenses!AD26)
C31: =IF(LEN(F31)=0,"",E31) | D31: {=IFERROR(INDEX($C$13:$C$38,MATCH(0,INDEX((LEN($C$13:$C$38)=0)+COUNTIF($D$12:$D30,$C$13:$C$38),0),0)),"")} | E31: W37-W38 | F31: =IF(SUM(AC$6:AC$10)=0,"",SUM(AC$6:AC$10)) | I31: =IF(LEN(K14)=0,"",J14) -> Movies and Theater | J31: {=IFERROR(INDEX($I$30:$I$39,MATCH(0,INDEX((LEN($I$30:$I$39)=0)+COUNTIF($J$29:$J30,$I$30:$I$39),0),0)),"")} -> Movies and Theater | K31: =INDEX($J$13:$K$22,MATCH(J31,$J$13:$J$22,0),2) -> 0.35211268 | N31: =IF(Expenses!D27=0,"",Expenses!D27) | O31: =IF(Expenses!E27=0,"",Expenses!E27) | P31: =IF(Expenses!F27=0,"",Expenses!F27) | Q31: =IF(Expenses!G27=0,"",Expenses!G27) | R31: =IF(Expenses!H27=0,"",Expenses!H27) | S31: =IF(Expenses!I27=0,"",Expenses!I27) | T31: =IF(Expenses!J27=0,"",Expenses!J27) | U31: =IF(Expenses!K27=0,"",Expenses!K27) | ... AN31: =IF(Expenses!AD27=0,"",Expenses!AD27)
C32: =IF(LEN(F32)=0,"",E32) | D32: {=IFERROR(INDEX($C$13:$C$38,MATCH(0,INDEX((LEN($C$13:$C$38)=0)+COUNTIF($D$12:$D31,$C$13:$C$38),0),0)),"")} | E32: W39-W40 | F32: =IF(SUM(AD$6:AD$10)=0,"",SUM(AD$6:AD$10)) | I32: =IF(LEN(K15)=0,"",J15) -> Books | J32: {=IFERROR(INDEX($I$30:$I$39,MATCH(0,INDEX((LEN($I$30:$I$39)=0)+COUNTIF($J$29:$J31,$I$30:$I$39),0),0)),"")} -> Books | K32: =INDEX($J$13:$K$22,MATCH(J32,$J$13:$J$22,0),2) -> 0.22535211 | N32: =IF(Expenses!D28=0,"",Expenses!D28) | O32: =IF(Expenses!E28=0,"",Expenses!E28) | P32: =IF(Expenses!F28=0,"",Expenses!F28) | Q32: =IF(Expenses!G28=0,"",Expenses!G28) | R32: =IF(Expenses!H28=0,"",Expenses!H28) | S32: =IF(Expenses!I28=0,"",Expenses!I28) | T32: =IF(Expenses!J28=0,"",Expenses!J28) | U32: =IF(Expenses!K28=0,"",Expenses!K28) | ... AN32: =IF(Expenses!AD28=0,"",Expenses!AD28)
C33: =IF(LEN(F33)=0,"",E33) | D33: {=IFERROR(INDEX($C$13:$C$38,MATCH(0,INDEX((LEN($C$13:$C$38)=0)+COUNTIF($D$12:$D32,$C$13:$C$38),0),0)),"")} | E33: W41-W42 | F33: =IF(SUM(AE$6:AE$10)=0,"",SUM(AE$6:AE$10)) | I33: =IF(LEN(K16)=0,"",J16) | J33: {=IFERROR(INDEX($I$30:$I$39,MATCH(0,INDEX((LEN($I$30:$I$39)=0)+COUNTIF($J$29:$J32,$I$30:$I$39),0),0)),"")} | K33: =INDEX($J$13:$K$22,MATCH(J33,$J$13:$J$22,0),2) | N33: =IF(Expenses!D29=0,"",Expenses!D29) | O33: =IF(Expenses!E29=0,"",Expenses!E29) | P33: =IF(Expenses!F29=0,"",Expenses!F29) | Q33: =IF(Expenses!G29=0,"",Expenses!G29) | R33: =IF(Expenses!H29=0,"",Expenses!H29) | S33: =IF(Expenses!I29=0,"",Expenses!I29) | T33: =IF(Expenses!J29=0,"",Expenses!J29) | U33: =IF(Expenses!K29=0,"",Expenses!K29) | ... AN33: =IF(Expenses!AD29=0,"",Expenses!AD29)
C34: =IF(LEN(F34)=0,"",E34) | D34: {=IFERROR(INDEX($C$13:$C$38,MATCH(0,INDEX((LEN($C$13:$C$38)=0)+COUNTIF($D$12:$D33,$C$13:$C$38),0),0)),"")} | E34: W43-W44 | F34: =IF(SUM(AF$6:AF$10)=0,"",SUM(AF$6:AF$10)) | I34: =IF(LEN(K17)=0,"",J17) | J34: {=IFERROR(INDEX($I$30:$I$39,MATCH(0,INDEX((LEN($I$30:$I$39)=0)+COUNTIF($J$29:$J33,$I$30:$I$39),0),0)),"")} | K34: =INDEX($J$13:$K$22,MATCH(J34,$J$13:$J$22,0),2) | N34: =IF(Expenses!D30=0,"",Expenses!D30) -> Groceries | O34: W1-W2 | P34: W3-W4 | Q34: W5-W6 | R34: W7-W8 | S34: W9-W10 | T34: W11-W12 | U34: W13-W14 | V34: W15-W16 | W34: W17-W18 | X34: W19-W20 | Y34: W21-W22 | Z34: W23-W24 | AA34: W25-W26 | AB34: W27-W28 | AC34: W29-W30 | AD34: W31-W32 | AE34: W33-W34 | AF34: W35-W36 | AG34: W37-W38 | AH34: W39-W40 | AI34: W41-W42 | AJ34: W43-W44 | AK34: W45-W46 | AL34: W47-W48 | AM34: W49-W50 | AN34: W51-W52
C35: =IF(LEN(F35)=0,"",E35) | D35: {=IFERROR(INDEX($C$13:$C$38,MATCH(0,INDEX((LEN($C$13:$C$38)=0)+COUNTIF($D$12:$D34,$C$13:$C$38),0),0)),"")} | E35: W45-W46 | F35: =IF(SUM(AG$6:AG$10)=0,"",SUM(AG$6:AG$10)) | I35: =IF(LEN(K18)=0,"",J18) | J35: {=IFERROR(INDEX($I$30:$I$39,MATCH(0,INDEX((LEN($I$30:$I$39)=0)+COUNTIF($J$29:$J34,$I$30:$I$39),0),0)),"")} | K35: =INDEX($J$13:$K$22,MATCH(J35,$J$13:$J$22,0),2) | N35: =IF(Expenses!D31=0,"",Expenses!D31) -> Snacks | O35: =IF(Expenses!E31=0,"",Expenses!E31) -> 30 | P35: =IF(Expenses!F31=0,"",Expenses!F31) -> 35 | Q35: =IF(Expenses!G31=0,"",Expenses!G31) | R35: =IF(Expenses!H31=0,"",Expenses!H31) | S35: =IF(Expenses!I31=0,"",Expenses!I31) | T35: =IF(Expenses!J31=0,"",Expenses!J31) | U35: =IF(Expenses!K31=0,"",Expenses!K31) | ... AN35: =IF(Expenses!AD31=0,"",Expenses!AD31)
C36: =IF(LEN(F36)=0,"",E36) | D36: {=IFERROR(INDEX($C$13:$C$38,MATCH(0,INDEX((LEN($C$13:$C$38)=0)+COUNTIF($D$12:$D35,$C$13:$C$38),0),0)),"")} | E36: W47-W48 | F36: =IF(SUM(AH$6:AH$10)=0,"",SUM(AH$6:AH$10)) | I36: =IF(LEN(K19)=0,"",J19) | J36: {=IFERROR(INDEX($I$30:$I$39,MATCH(0,INDEX((LEN($I$30:$I$39)=0)+COUNTIF($J$29:$J35,$I$30:$I$39),0),0)),"")} | K36: =INDEX($J$13:$K$22,MATCH(J36,$J$13:$J$22,0),2) | N36: =IF(Expenses!D32=0,"",Expenses!D32) -> Food | O36: =IF(Expenses!E32=0,"",Expenses!E32) -> 80 | P36: =IF(Expenses!F32=0,"",Expenses!F32) | Q36: =IF(Expenses!G32=0,"",Expenses!G32) | R36: =IF(Expenses!H32=0,"",Expenses!H32) | S36: =IF(Expenses!I32=0,"",Expenses!I32) | T36: =IF(Expenses!J32=0,"",Expenses!J32) | U36: =IF(Expenses!K32=0,"",Expenses!K32) | ... AN36: =IF(Expenses!AD32=0,"",Expenses!AD32)
C37: =IF(LEN(F37)=0,"",E37) | D37: {=IFERROR(INDEX($C$13:$C$38,MATCH(0,INDEX((LEN($C$13:$C$38)=0)+COUNTIF($D$12:$D36,$C$13:$C$38),0),0)),"")} | E37: W49-W50 | F37: =IF(SUM(AI$6:AI$10)=0,"",SUM(AI$6:AI$10)) | I37: =IF(LEN(K20)=0,"",J20) | J37: {=IFERROR(INDEX($I$30:$I$39,MATCH(0,INDEX((LEN($I$30:$I$39)=0)+COUNTIF($J$29:$J36,$I$30:$I$39),0),0)),"")} | K37: =INDEX($J$13:$K$22,MATCH(J37,$J$13:$J$22,0),2) | N37: =IF(Expenses!D33=0,"",Expenses!D33) -> Pet Supplies | O37: =IF(Expenses!E33=0,"",Expenses!E33) -> 60 | P37: =IF(Expenses!F33=0,"",Expenses!F33) -> 70 | Q37: =IF(Expenses!G33=0,"",Expenses!G33) | R37: =IF(Expenses!H33=0,"",Expenses!H33) | S37: =IF(Expenses!I33=0,"",Expenses!I33) | T37: =IF(Expenses!J33=0,"",Expenses!J33) | U37: =IF(Expenses!K33=0,"",Expenses!K33) | ... AN37: =IF(Expenses!AD33=0,"",Expenses!AD33)
C38: =IF(LEN(F38)=0,"",E38) | D38: {=IFERROR(INDEX($C$13:$C$38,MATCH(0,INDEX((LEN($C$13:$C$38)=0)+COUNTIF($D$12:$D37,$C$13:$C$38),0),0)),"")} | E38: W51-W52 | F38: =IF(SUM(AJ$6:AJ$10)=0,"",SUM(AJ$6:AJ$10)) | I38: =IF(LEN(K21)=0,"",J21) | J38: {=IFERROR(INDEX($I$30:$I$39,MATCH(0,INDEX((LEN($I$30:$I$39)=0)+COUNTIF($J$29:$J37,$I$30:$I$39),0),0)),"")} | K38: =INDEX($J$13:$K$22,MATCH(J38,$J$13:$J$22,0),2) | N38: =IF(Expenses!D34=0,"",Expenses!D34) | O38: =IF(Expenses!E34=0,"",Expenses!E34) | P38: =IF(Expenses!F34=0,"",Expenses!F34) | Q38: =IF(Expenses!G34=0,"",Expenses!G34) | R38: =IF(Expenses!H34=0,"",Expenses!H34) | S38: =IF(Expenses!I34=0,"",Expenses!I34) | T38: =IF(Expenses!J34=0,"",Expenses!J34) | U38: =IF(Expenses!K34=0,"",Expenses!K34) | ... AN38: =IF(Expenses!AD34=0,"",Expenses!AD34)
I39: =IF(LEN(K22)=0,"",J22) | J39: {=IFERROR(INDEX($I$30:$I$39,MATCH(0,INDEX((LEN($I$30:$I$39)=0)+COUNTIF($J$29:$J38,$I$30:$I$39),0),0)),"")} | K39: =INDEX($J$13:$K$22,MATCH(J39,$J$13:$J$22,0),2) | N39: =IF(Expenses!D35=0,"",Expenses!D35) | O39: =IF(Expenses!E35=0,"",Expenses!E35) | P39: =IF(Expenses!F35=0,"",Expenses!F35) | Q39: =IF(Expenses!G35=0,"",Expenses!G35) | R39: =IF(Expenses!H35=0,"",Expenses!H35) | S39: =IF(Expenses!I35=0,"",Expenses!I35) | T39: =IF(Expenses!J35=0,"",Expenses!J35) | U39: =IF(Expenses!K35=0,"",Expenses!K35) | ... AN39: =IF(Expenses!AD35=0,"",Expenses!AD35)
N40: =IF(Expenses!D36=0,"",Expenses!D36) | O40: =IF(Expenses!E36=0,"",Expenses!E36) | P40: =IF(Expenses!F36=0,"",Expenses!F36) | Q40: =IF(Expenses!G36=0,"",Expenses!G36) | R40: =IF(Expenses!H36=0,"",Expenses!H36) | S40: =IF(Expenses!I36=0,"",Expenses!I36) | T40: =IF(Expenses!J36=0,"",Expenses!J36) | U40: =IF(Expenses!K36=0,"",Expenses!K36) | ... AN40: =IF(Expenses!AD36=0,"",Expenses!AD36)
N41: =IF(Expenses!D37=0,"",Expenses!D37) | O41: =IF(Expenses!E37=0,"",Expenses!E37) | P41: =IF(Expenses!F37=0,"",Expenses!F37) | Q41: =IF(Expenses!G37=0,"",Expenses!G37) | R41: =IF(Expenses!H37=0,"",Expenses!H37) | S41: =IF(Expenses!I37=0,"",Expenses!I37) | T41: =IF(Expenses!J37=0,"",Expenses!J37) | U41: =IF(Expenses!K37=0,"",Expenses!K37) | ... AN41: =IF(Expenses!AD37=0,"",Expenses!AD37)
N42: =IF(Expenses!D38=0,"",Expenses!D38) | O42: =IF(Expenses!E38=0,"",Expenses!E38) | P42: =IF(Expenses!F38=0,"",Expenses!F38) | Q42: =IF(Expenses!G38=0,"",Expenses!G38) | R42: =IF(Expenses!H38=0,"",Expenses!H38) | S42: =IF(Expenses!I38=0,"",Expenses!I38) | T42: =IF(Expenses!J38=0,"",Expenses!J38) | U42: =IF(Expenses!K38=0,"",Expenses!K38) | ... AN42: =IF(Expenses!AD38=0,"",Expenses!AD38)
N43: =IF(Expenses!D39=0,"",Expenses!D39) | O43: =IF(Expenses!E39=0,"",Expenses!E39) | P43: =IF(Expenses!F39=0,"",Expenses!F39) | Q43: =IF(Expenses!G39=0,"",Expenses!G39) | R43: =IF(Expenses!H39=0,"",Expenses!H39) | S43: =IF(Expenses!I39=0,"",Expenses!I39) | T43: =IF(Expenses!J39=0,"",Expenses!J39) | U43: =IF(Expenses!K39=0,"",Expenses!K39) | ... AN43: =IF(Expenses!AD39=0,"",Expenses!AD39)
N44: =IF(Expenses!D40=0,"",Expenses!D40) | O44: =IF(Expenses!E40=0,"",Expenses!E40) | P44: =IF(Expenses!F40=0,"",Expenses!F40) | Q44: =IF(Expenses!G40=0,"",Expenses!G40) | R44: =IF(Expenses!H40=0,"",Expenses!H40) | S44: =IF(Expenses!I40=0,"",Expenses!I40) | T44: =IF(Expenses!J40=0,"",Expenses!J40) | U44: =IF(Expenses!K40=0,"",Expenses!K40) | ... AN44: =IF(Expenses!AD40=0,"",Expenses!AD40)
N45: =IF(Expenses!D41=0,"",Expenses!D41) -> Health and Wellness | O45: W1-W2 | P45: W3-W4 | Q45: W5-W6 | R45: W7-W8 | S45: W9-W10 | T45: W11-W12 | U45: W13-W14 | V45: W15-W16 | W45: W17-W18 | X45: W19-W20 | Y45: W21-W22 | Z45: W23-W24 | AA45: W25-W26 | AB45: W27-W28 | AC45: W29-W30 | AD45: W31-W32 | AE45: W33-W34 | AF45: W35-W36 | AG45: W37-W38 | AH45: W39-W40 | AI45: W41-W42 | AJ45: W43-W44 | AK45: W45-W46 | AL45: W47-W48 | AM45: W49-W50 | AN45: W51-W52
N46: =IF(Expenses!D42=0,"",Expenses!D42) -> Medical | O46: =IF(Expenses!E42=0,"",Expenses!E42) -> 1000 | P46: =IF(Expenses!F42=0,"",Expenses!F42) -> 300 | Q46: =IF(Expenses!G42=0,"",Expenses!G42) | R46: =IF(Expenses!H42=0,"",Expenses!H42) | S46: =IF(Expenses!I42=0,"",Expenses!I42) | T46: =IF(Expenses!J42=0,"",Expenses!J42) | U46: =IF(Expenses!K42=0,"",Expenses!K42) | ... AN46: =IF(Expenses!AD42=0,"",Expenses!AD42)
N47: =IF(Expenses!D43=0,"",Expenses!D43) -> Gym | O47: =IF(Expenses!E43=0,"",Expenses!E43) -> 120 | P47: =IF(Expenses!F43=0,"",Expenses!F43) -> 200 | Q47: =IF(Expenses!G43=0,"",Expenses!G43) | R47: =IF(Expenses!H43=0,"",Expenses!H43) | S47: =IF(Expenses!I43=0,"",Expenses!I43) | T47: =IF(Expenses!J43=0,"",Expenses!J43) | U47: =IF(Expenses!K43=0,"",Expenses!K43) | ... AN47: =IF(Expenses!AD43=0,"",Expenses!AD43)
N48: =IF(Expenses!D44=0,"",Expenses!D44) | O48: =IF(Expenses!E44=0,"",Expenses!E44) | P48: =IF(Expenses!F44=0,"",Expenses!F44) | Q48: =IF(Expenses!G44=0,"",Expenses!G44) | R48: =IF(Expenses!H44=0,"",Expenses!H44) | S48: =IF(Expenses!I44=0,"",Expenses!I44) | T48: =IF(Expenses!J44=0,"",Expenses!J44) | U48: =IF(Expenses!K44=0,"",Expenses!K44) | ... AN48: =IF(Expenses!AD44=0,"",Expenses!AD44)
N49: =IF(Expenses!D45=0,"",Expenses!D45) | O49: =IF(Expenses!E45=0,"",Expenses!E45) | P49: =IF(Expenses!F45=0,"",Expenses!F45) | Q49: =IF(Expenses!G45=0,"",Expenses!G45) | R49: =IF(Expenses!H45=0,"",Expenses!H45) | S49: =IF(Expenses!I45=0,"",Expenses!I45) | T49: =IF(Expenses!J45=0,"",Expenses!J45) | U49: =IF(Expenses!K45=0,"",Expenses!K45) | ... AN49: =IF(Expenses!AD45=0,"",Expenses!AD45)
N50: =IF(Expenses!D46=0,"",Expenses!D46) | O50: =IF(Expenses!E46=0,"",Expenses!E46) | P50: =IF(Expenses!F46=0,"",Expenses!F46) | Q50: =IF(Expenses!G46=0,"",Expenses!G46) | R50: =IF(Expenses!H46=0,"",Expenses!H46) | S50: =IF(Expenses!I46=0,"",Expenses!I46) | T50: =IF(Expenses!J46=0,"",Expenses!J46) | U50: =IF(Expenses!K46=0,"",Expenses!K46) | ... AN50: =IF(Expenses!AD46=0,"",Expenses!AD46)
N51: =IF(Expenses!D47=0,"",Expenses!D47) | O51: =IF(Expenses!E47=0,"",Expenses!E47) | P51: =IF(Expenses!F47=0,"",Expenses!F47) | Q51: =IF(Expenses!G47=0,"",Expenses!G47) | R51: =IF(Expenses!H47=0,"",Expenses!H47) | S51: =IF(Expenses!I47=0,"",Expenses!I47) | T51: =IF(Expenses!J47=0,"",Expenses!J47) | U51: =IF(Expenses!K47=0,"",Expenses!K47) | ... AN51: =IF(Expenses!AD47=0,"",Expenses!AD47)
N52: =IF(Expenses!D48=0,"",Expenses!D48) | O52: =IF(Expenses!E48=0,"",Expenses!E48) | P52: =IF(Expenses!F48=0,"",Expenses!F48) | Q52: =IF(Expenses!G48=0,"",Expenses!G48) | R52: =IF(Expenses!H48=0,"",Expenses!H48) | S52: =IF(Expenses!I48=0,"",Expenses!I48) | T52: =IF(Expenses!J48=0,"",Expenses!J48) | U52: =IF(Expenses!K48=0,"",Expenses!K48) | ... AN52: =IF(Expenses!AD48=0,"",Expenses!AD48)
N53: =IF(Expenses!D49=0,"",Expenses!D49) | O53: =IF(Expenses!E49=0,"",Expenses!E49) | P53: =IF(Expenses!F49=0,"",Expenses!F49) | Q53: =IF(Expenses!G49=0,"",Expenses!G49) | R53: =IF(Expenses!H49=0,"",Expenses!H49) | S53: =IF(Expenses!I49=0,"",Expenses!I49) | T53: =IF(Expenses!J49=0,"",Expenses!J49) | U53: =IF(Expenses!K49=0,"",Expenses!K49) | ... AN53: =IF(Expenses!AD49=0,"",Expenses!AD49)
N54: =IF(Expenses!D50=0,"",Expenses!D50) | O54: =IF(Expenses!E50=0,"",Expenses!E50) | P54: =IF(Expenses!F50=0,"",Expenses!F50) | Q54: =IF(Expenses!G50=0,"",Expenses!G50) | R54: =IF(Expenses!H50=0,"",Expenses!H50) | S54: =IF(Expenses!I50=0,"",Expenses!I50) | T54: =IF(Expenses!J50=0,"",Expenses!J50) | U54: =IF(Expenses!K50=0,"",Expenses!K50) | ... AN54: =IF(Expenses!AD50=0,"",Expenses!AD50)
N55: =IF(Expenses!D51=0,"",Expenses!D51) | O55: =IF(Expenses!E51=0,"",Expenses!E51) | P55: =IF(Expenses!F51=0,"",Expenses!F51) | Q55: =IF(Expenses!G51=0,"",Expenses!G51) | R55: =IF(Expenses!H51=0,"",Expenses!H51) | S55: =IF(Expenses!I51=0,"",Expenses!I51) | T55: =IF(Expenses!J51=0,"",Expenses!J51) | U55: =IF(Expenses!K51=0,"",Expenses!K51) | ... AN55: =IF(Expenses!AD51=0,"",Expenses!AD51)
N56: =IF(Expenses!D52=0,"",Expenses!D52) | O56: W1-W2 | P56: W3-W4 | Q56: W5-W6 | R56: W7-W8 | S56: W9-W10 | T56: W11-W12 | U56: W13-W14 | V56: W15-W16 | W56: W17-W18 | X56: W19-W20 | Y56: W21-W22 | Z56: W23-W24 | AA56: W25-W26 | AB56: W27-W28 | AC56: W29-W30 | AD56: W31-W32 | AE56: W33-W34 | AF56: W35-W36 | AG56: W37-W38 | AH56: W39-W40 | AI56: W41-W42 | AJ56: W43-W44 | AK56: W45-W46 | AL56: W47-W48 | AM56: W49-W50 | AN56: W51-W52
N57: =IF(Expenses!D53=0,"",Expenses!D53) | O57: =IF(Expenses!E53=0,"",Expenses!E53) | P57: =IF(Expenses!F53=0,"",Expenses!F53) | Q57: =IF(Expenses!G53=0,"",Expenses!G53) | R57: =IF(Expenses!H53=0,"",Expenses!H53) | S57: =IF(Expenses!I53=0,"",Expenses!I53) | T57: =IF(Expenses!J53=0,"",Expenses!J53) | U57: =IF(Expenses!K53=0,"",Expenses!K53) | ... AN57: =IF(Expenses!AD53=0,"",Expenses!AD53)
N58: =IF(Expenses!D54=0,"",Expenses!D54) | O58: =IF(Expenses!E54=0,"",Expenses!E54) | P58: =IF(Expenses!F54=0,"",Expenses!F54) | Q58: =IF(Expenses!G54=0,"",Expenses!G54) | R58: =IF(Expenses!H54=0,"",Expenses!H54) | S58: =IF(Expenses!I54=0,"",Expenses!I54) | T58: =IF(Expenses!J54=0,"",Expenses!J54) | U58: =IF(Expenses!K54=0,"",Expenses!K54) | ... AN58: =IF(Expenses!AD54=0,"",Expenses!AD54)
N59: =IF(Expenses!D55=0,"",Expenses!D55) | O59: =IF(Expenses!E55=0,"",Expenses!E55) | P59: =IF(Expenses!F55=0,"",Expenses!F55) | Q59: =IF(Expenses!G55=0,"",Expenses!G55) | R59: =IF(Expenses!H55=0,"",Expenses!H55) | S59: =IF(Expenses!I55=0,"",Expenses!I55) | T59: =IF(Expenses!J55=0,"",Expenses!J55) | U59: =IF(Expenses!K55=0,"",Expenses!K55) | ... AN59: =IF(Expenses!AD55=0,"",Expenses!AD55)
N60: =IF(Expenses!D56=0,"",Expenses!D56) | O60: =IF(Expenses!E56=0,"",Expenses!E56) | P60: =IF(Expenses!F56=0,"",Expenses!F56) | Q60: =IF(Expenses!G56=0,"",Expenses!G56) | R60: =IF(Expenses!H56=0,"",Expenses!H56) | S60: =IF(Expenses!I56=0,"",Expenses!I56) | T60: =IF(Expenses!J56=0,"",Expenses!J56) | U60: =IF(Expenses!K56=0,"",Expenses!K56) | ... AN60: =IF(Expenses!AD56=0,"",Expenses!AD56)
N61: =IF(Expenses!D57=0,"",Expenses!D57) | O61: =IF(Expenses!E57=0,"",Expenses!E57) | P61: =IF(Expenses!F57=0,"",Expenses!F57) | Q61: =IF(Expenses!G57=0,"",Expenses!G57) | R61: =IF(Expenses!H57=0,"",Expenses!H57) | S61: =IF(Expenses!I57=0,"",Expenses!I57) | T61: =IF(Expenses!J57=0,"",Expenses!J57) | U61: =IF(Expenses!K57=0,"",Expenses!K57) | ... AN61: =IF(Expenses!AD57=0,"",Expenses!AD57)
N62: =IF(Expenses!D58=0,"",Expenses!D58) | O62: =IF(Expenses!E58=0,"",Expenses!E58) | P62: =IF(Expenses!F58=0,"",Expenses!F58) | Q62: =IF(Expenses!G58=0,"",Expenses!G58) | R62: =IF(Expenses!H58=0,"",Expenses!H58) | S62: =IF(Expenses!I58=0,"",Expenses!I58) | T62: =IF(Expenses!J58=0,"",Expenses!J58) | U62: =IF(Expenses!K58=0,"",Expenses!K58) | ... AN62: =IF(Expenses!AD58=0,"",Expenses!AD58)
N63: =IF(Expenses!D59=0,"",Expenses!D59) | O63: =IF(Expenses!E59=0,"",Expenses!E59) | P63: =IF(Expenses!F59=0,"",Expenses!F59) | Q63: =IF(Expenses!G59=0,"",Expenses!G59) | R63: =IF(Expenses!H59=0,"",Expenses!H59) | S63: =IF(Expenses!I59=0,"",Expenses!I59) | T63: =IF(Expenses!J59=0,"",Expenses!J59) | U63: =IF(Expenses!K59=0,"",Expenses!K59) | ... AN63: =IF(Expenses!AD59=0,"",Expenses!AD59)
N64: =IF(Expenses!D60=0,"",Expenses!D60) | O64: =IF(Expenses!E60=0,"",Expenses!E60) | P64: =IF(Expenses!F60=0,"",Expenses!F60) | Q64: =IF(Expenses!G60=0,"",Expenses!G60) | R64: =IF(Expenses!H60=0,"",Expenses!H60) | S64: =IF(Expenses!I60=0,"",Expenses!I60) | T64: =IF(Expenses!J60=0,"",Expenses!J60) | U64: =IF(Expenses!K60=0,"",Expenses!K60) | ... AN64: =IF(Expenses!AD60=0,"",Expenses!AD60)
N65: =IF(Expenses!D61=0,"",Expenses!D61) | O65: =IF(Expenses!E61=0,"",Expenses!E61) | P65: =IF(Expenses!F61=0,"",Expenses!F61) | Q65: =IF(Expenses!G61=0,"",Expenses!G61) | R65: =IF(Expenses!H61=0,"",Expenses!H61) | S65: =IF(Expenses!I61=0,"",Expenses!I61) | T65: =IF(Expenses!J61=0,"",Expenses!J61) | U65: =IF(Expenses!K61=0,"",Expenses!K61) | ... AN65: =IF(Expenses!AD61=0,"",Expenses!AD61)
N66: =IF(Expenses!D62=0,"",Expenses!D62) | O66: =IF(Expenses!E62=0,"",Expenses!E62) | P66: =IF(Expenses!F62=0,"",Expenses!F62) | Q66: =IF(Expenses!G62=0,"",Expenses!G62) | R66: =IF(Expenses!H62=0,"",Expenses!H62) | S66: =IF(Expenses!I62=0,"",Expenses!I62) | T66: =IF(Expenses!J62=0,"",Expenses!J62) | U66: =IF(Expenses!K62=0,"",Expenses!K62) | ... AN66: =IF(Expenses!AD62=0,"",Expenses!AD62)
